 Dungeon Crawl Stone Soup version 0.19-a0-450-g98b348d (webtiles) character file.

995 epen the Chiller (level 7, 0/52 HPs)
             Began as a Demonspawn Ice Elementalist on June 1, 2016.
             Was an Initiate of Sif Muna.
             Slain by a wight
             ... wielding a +0 scimitar
              (3 damage)
             ... on level 4 of the Dungeon.
             The game lasted 00:10:44 (6872 turns).

epen the Chiller (Demonspawn Ice Elementalist)      Turns: 6872, Time: 00:10:45

Health: 0/52       AC: 15    Str:  8    XL:     7   Next: 99%
Magic:  0/12       EV: 12    Int: 19    God:    Sif Muna [......]
Gold:   120        SH:  0    Dex: 13    Spells: 4 memorised, 3 levels left

rFire  . . .     SeeInvis .     f - +3 dagger (venom)
rCold  . . .     Gourm    .     a - +1 robe
rNeg   . . .     Faith    .     (no shield)
rPois  .         Spirit   +     (no helmet)
rElec  .         Dismiss  .     (no cloak)
rCorr  .         Reflect  .     o - +0 pair of gloves
SustAt .         Harm     .     (no boots)
MR     .....                    (no amulet)
Stlth  +.........               (no ring)
                                (no ring)

@: icy armour (expiring), sanguine armour, very slightly contaminated, heavily
drained, slow, not resistant to hostile enchantments, very unstealthy
A: hooves 2, magic shield, sanguine armour 1
a: Renounce Religion


You were on level 4 of the Dungeon.
You worshipped Sif Muna.
Sif Muna was noncommittal.
You were hungry.

You visited 2 branches of the dungeon, and saw 5 of its levels.
You also visited: Sewer.

You collected 120 gold pieces.

Inventory:

Hand Weapons
 f - a +3 dagger of venom (weapon)
 i - a +0 dagger
 l - a +3 great sword
Armour
 a - a +1 robe (worn)
 o - a +0 pair of gloves (worn)
Scrolls
 e - a scroll of teleportation
 j - 4 scrolls of blinking
 n - 2 scrolls of amnesia
 r - 3 scrolls of remove curse
Potions
 d - a potion of agility {unknown}
 g - a potion of cure mutation {unknown}
 h - 2 potions of haste {unknown}
 k - a potion of ambrosia
 p - a potion of flight {unknown}
 q - a potion of lignification
Books
 b - a book of Frost

   Spells                             Type                      Level
   a - Freeze                         Ice                          1
   b - Throw Frost                    Conjuration/Ice              2
   c - Ozocubu's Armour               Charms/Ice                   3
   d - Throw Icicle                   Conjuration/Ice              4
   e - Summon Ice Beast               Ice/Summoning                4
Comestibles
 c - 3 bread rations
 m - a meat ration
 s - 8 chunks of flesh


   Skills:
 + Level 3.1(1.3) Fighting
 + Level 2.0(0.3) Short Blades
 + Level 3.7(1.9) Dodging
 - Level 1.7(0.1) Stealth
 + Level 3.6(1.9) Spellcasting
 * Level 3.4(1.7) Conjurations
 * Level 5.5(3.7) Ice Magic


You had 3 spell levels left.
You knew the following spells:

 Your Spells              Type           Power        Failure   Level  Hunger
a - Freeze                Ice            ###.         4%          1    #......
b - Throw Frost           Conj/Ice       ##....       10%         2    ###....
c - Ozocubu's Armour      Chrm/Ice       #.......     28%         3    ###....
d - Throw Icicle          Conj/Ice       ##......     63%         4    #####..


Dungeon Overview and Level Annotations

Branches:
Dungeon (4/15)             Temple (1/1) D:4

Altars:
Ashenzari
Dithmenos
Fedhas
Makhleb
Okawaru
Sif Muna
Trog
Xom
Yredelemnul
Zin
The Shining One

Annotations:
D:4 Grinder


Innate Abilities, Weirdness & Mutations

You have hoof-like feet.
When hurt, damage is shared between your health and your magic reserves.
When seriously injured, your bleeding wounds create armour. (AC +6)


Message History

The wight hits you with a scimitar!
* * * LOW HITPOINT WARNING * * *
You hit the wight but do no damage.
The wight is severely damaged.
Your icy armour starts to melt.
You hit the wight. Your kick misses the wight.
The wight is severely damaged.
The wight closely misses you.
You are too injured to fight recklessly!
You are too injured to fight recklessly!
You are too injured to fight recklessly!
You closely miss the wight.
The wight is severely damaged.
The wight closely misses you.
You hit the wight but do no damage. You kick the wight, but do no damage.
The wight is severely damaged.
The wight hits you with a scimitar!
* * * LOW HITPOINT WARNING * * *
You feel drained.
You die...

#.#.#.#.####.#
##########............#
....(....)).......###+#
############.#.#..#
...##.............#####
..................>#..#
#...............z..#..# #
#.###.#..###.#.###.#..#.#
#.# #.........@z.#... #.#
#....###.#####.####.# ...
#.................$.. #.#
##...##.#####.####.#
#.#######...##.# #.#
#.##........##.# #.#
#.##.#####..##.# #.#
............##.# #.#
..........#.##.# #.#


You could see a wight.

Vanquished Creatures
  6 big kobolds (Sewer)
  A scorpion (D:4)
  4 wights (D:4)
  2 hounds (D:4)
  An orc priest (D:4)
  An orc wizard (D:4)
  A worker ant (D:4)
  8 adders
  A river rat (Sewer)
  3 oozes
  An adder skeleton (D:4)
  4 worms
  2 dart slugs
  3 giant geckos
  10 orcs
  2 ball pythons (Sewer)
  6 giant cockroaches (D:3)
  5 goblins
  11 hobgoblins
  10 jackals
  14 kobolds
  3 quokkas (D:4)
  8 bats
  5 giant newts
  16 rats
128 creatures vanquished.

Vanquished Creatures (others)
  A giant gecko (D:1)
1 creature vanquished.

Grand Total: 129 creatures vanquished

Notes
Turn   | Place    | Note
--------------------------------------------------------------
     0 | D:1      | epen the Demonspawn Ice Elementalist began the quest for the Orb.
     0 | D:1      | Reached XP level 1. HP: 13/13 MP: 3/3
   662 | D:1      | Gained mutation: You have large cloven feet. [demonic ancestry]
   662 | D:1      | Reached XP level 2. HP: 9/19 MP: 0/5
   875 | D:1      | Reached skill level 3 in Ice Magic
  1345 | D:1      | Gained mutation: When hurt, damage is shared between your health and your magic reserves. [demonic ancestry]
  1345 | D:1      | Reached XP level 3. HP: 7/24 MP: 6/6
  1349 | D:1      | Learned a level 2 spell: Throw Frost
  1353 | D:1      | Learned a level 3 spell: Ozocubu's Armour
  2366 | D:3      | Found a glowing drain.
  2411 | Sewer    | Entered a sewer
  2439 | Sewer    | Reached XP level 4. HP: 22/31 MP: 2/7
  2620 | Sewer    | Noticed a big kobold
  2620 | Sewer    | Noticed a big kobold
  2637 | Sewer    | Killed a big kobold
  2637 | Sewer    | Reached skill level 1 in Fighting
  2637 | Sewer    | Reached skill level 4 in Ice Magic
  2637 | Sewer    | Gained mutation: When seriously injured, your bleeding wounds create armour. (AC +6) [demonic ancestry]
  2637 | Sewer    | Reached XP level 5. HP: 34/37 MP: 6/9
  2685 | Sewer    | Learned a level 4 spell: Throw Icicle
  2848 | Sewer    | Gained mutation: You have hoof-like feet. [demonic ancestry]
  2848 | Sewer    | Reached XP level 6. HP: 25/44 MP: 6/10
  3479 | Sewer    | Reached skill level 1 in Short Blades
  3662 | Sewer    | Reached skill level 5 in Ice Magic
  3662 | Sewer    | Reached XP level 7. HP: 27/50 MP: 7/12
  5225 | D:4      | Found a blossoming altar of Fedhas.
  5630 | D:4      | Found an iron altar of Okawaru.
  5630 | D:4      | Noticed Grinder
  5662 | D:4      | Found a staircase to the Ecumenical Temple.
  5783 | Temple   | Entered the Ecumenical Temple
  6047 | Temple   | Became a worshipper of Sif Muna the Loreminder
  6474 | D:4      | Found a basalt altar of Yredelemnul.
  6477 | D:4      | Found a bloodstained altar of Trog.
  6872 | D:4      | Slain by a wight

Vault maps used:
D:1:      saegor_arrival_miasma
D:2:      first_bread
D:3:      portal_sewer_entry_f
D:4:      kennysheep_mini_moat, nicolae_overflow_hidden_temple, kennysheep_mini,
          minmay_temple_entry_junction, uniq_grinder
Temple:   temple_island_7
Sewer:    sewer_co_tree

Skill      XL: |  1  2  3  4  5  6  7 |
---------------+----------------------+-----
Dodging        | 2 3 |  3.7
Ice Magic      | 3 4 5 |  5.5
Fighting       | 1 2 3 |  3.1
Spellcasting   | 3 |  3.6
Conjurations   | 2 3 |  3.4
Short Blades   | 1 2 |  2.0
Stealth        | |  1.7

Action                   |  1- 3 |  4- 6 |  7- 9 || total
-------------------------+-------+-------+-------++-------
Melee: Unarmed           |    20 |       |       ||    20
       Dagger            |   103 |   183 |   293 ||   579
       Kick              |    17 |    27 |    65 ||   109
       Great sword       |       |       |    26 ||    26
 Cast: Freeze            |    27 |     2 |     1 ||    30
       Ozocubu's Armour  |     2 |     2 |     4 ||     8
  Use: Scroll            |       |       |    14 ||    14
       Potion            |       |       |     1 ||     1
 Stab: Sleeping          |     5 |       |     2 ||     7
       Distracted        |     1 |       |       ||     1
  Eat: Chunk             |     5 |     5 |    11 ||    21
Armor: Robe              |    42 |    28 |    61 ||   131
Dodge: Dodged            |   122 |   105 |   178 ||   405
